AoeStats
← peakyfcknblinda

Arabia

509432459Analyzed
3v3 RM · 5d ago on Sep 26, 2026· 59m 33s· 6 players
Game mode
Random Map
Map size
Normal (6 player)
Population
200
Speed
Normal
Resources
Standard
Victory
Conquest
Starting age
Dark Age
Ending age
Imperial Age
RankedLock teamsTeams togetherTeam positionsShared explorationLock speedFull tech treeHidden civsTurbo modeCheats
Victory
Defeat
🇩🇪 Italians · Germany
796
+41
🇩🇪 Poles · Germany
768
+16
🇩🇪 Persians · Germany
719
+18
🇵🇪 Maya · Peru
803
-18
🇦🇷 Malay · Argentina
788
-17
🇫🇷 Huns · France
706
-14
Modnar350
3:55 Loom
10:47 Feudal Age
12:32 Double-Bit Axe
12:46 Horse Collar
15:00 Wheelbarrow
14:12 Town Watch
15:36 Bloodlines
17:01 Scale Barding Armor
20:59 Castle Age
21:27 Forging
22:05 Husbandry
22:31 Hand Cart
24:25 Chain Barding Armor
24:43 Bow Saw
24:41 Heavy Plow
30:57 Iron Casting
30:14 Fletching
30:13 Treadmill Crane
30:44 Masonry
31:20 Gold Mining
31:21 Stone Mining
33:11 Caravan
38:48 Imperial Age
36:31 Bodkin Arrow
42:09 Ballistics
42:51 Chemistry
42:34 Lechitic Legacy
43:37 Light Cavalry
44:54 Heavy Mounted Crossbowman
45:41 Thumb Ring
45:18 Winged Hussar
50:00 Crop Rotation
50:53 Lechitic Legacy
50:55 Conscription
51:11 Hoardings
Jiji_the_Pider
13:16 Feudal Age
14:48 Wheelbarrow
14:01 Double-Bit Axe
13:59 Horse Collar
17:27 Forging
20:03 Fletching
20:14 Padded Archer Armor
22:55 Castle Age
24:08 Hand Cart
23:25 Crossbowman
24:51 Bodkin Arrow
26:50 Leather Archer Armor
27:11 Iron Casting
26:47 Gold Mining
26:50 Stone Mining
27:42 Bow Saw
31:11 Iron Casting
30:45 Thumb Ring
32:20 Caravan
36:39 Squires
36:32 Arson
41:12 Imperial Age
46:58 Two-Man Saw
46:02 Heavy Plow
46:08 Bracer
47:09 Blast Furnace
46:39 Ring Archer Armor
46:11 Scale Mail Armor
45:36 Arbalester
50:00 Stone Shaft Mining
50:52 Silk Road
peakyfcknblinda
13:26 Feudal Age
14:36 Wheelbarrow
13:48 Double-Bit Axe
13:47 Horse Collar
15:02 Stone Mining
18:38 Bloodlines
24:04 Castle Age
23:19 Scale Barding Armor
23:25 Forging
23:12 Gold Mining
24:55 Hand Cart
25:56 Bow Saw
26:02 Heavy Plow
30:17 Chain Barding Armor
30:16 Husbandry
31:56 Iron Casting
33:01 Gold Shaft Mining
37:42 Imperial Age
37:11 Caravan
37:42 Coinage
38:18 Stone Shaft Mining
37:45 Cavalier
39:03 Plate Barding Armor
39:29 Blast Furnace
38:58 Conscription
39:56 Crop Rotation
40:27 Two-Man Saw
40:57 Savar
44:08 Banking
45:09 Guilds
51:31 Scale Mail Armor
ren68210
12:57 Feudal Age
17:27 Castle Age
15:45 Double-Bit Axe
16:04 Horse Collar
17:09 Stone Mining
17:16 Gold Mining
20:46 Wheelbarrow
22:37 Gold Shaft Mining
22:12 Heavy Plow
28:03 Bow Saw
29:14 Hand Cart
31:09 Fletching
31:20 Padded Archer Armor
34:05 Imperial Age
34:44 Leather Archer Armor
34:25 Bodkin Arrow
34:32 Caravan
34:17 Heavy Cavalry Archer
35:24 Parthian Tactics
37:25 Bracer
38:36 Conscription
40:23 Two-Man Saw
40:35 Forging
40:32 Scale Barding Armor
40:28 Scale Mail Armor
41:34 Chemistry
40:59 Ballistics
41:42 Cavalier
42:23 Husbandry
41:49 Light Cavalry
42:43 Loom
42:45 Town Watch
43:41 Iron Casting
43:58 Bloodlines
44:24 Town Patrol
45:29 Paladin
45:31 Hussar
47:15 Atheism
46:57 Marauders
47:32 Elite Tarkan
50:49 Blast Furnace
50:15 Chain Barding Armor
50:25 Chain Mail Armor
facudj
7:11 Loom
10:53 Feudal Age
11:18 Wheelbarrow
10:36 Double-Bit Axe
11:24 Gold Mining
14:44 Horse Collar
17:18 Stone Mining
18:11 Forging
22:01 Castle Age
21:04 Fletching
21:49 Heavy Plow
22:01 Bodkin Arrow
21:30 Pikeman
24:06 Hand Cart
24:27 Squires
24:32 Padded Archer Armor
26:11 Crossbowman
27:32 Town Watch
28:38 Bow Saw
29:20 Caravan
32:50 Iron Casting
36:06 Imperial Age
34:54 Leather Archer Armor
35:22 Scale Barding Armor
36:44 Chemistry
35:22 Halberdier
36:41 Town Patrol
37:15 Ballistics
39:15 Ring Archer Armor
39:48 Conscription
39:43 Murder Holes
40:47 Thalassocracy
40:39 Cavalier
42:31 Blast Furnace
42:25 Thumb Ring
43:50 Arbalester
45:04 Masonry
46:15 Husbandry
47:14 Siege Engineers
49:27 Bracer
50:43 Crop Rotation
50:33 Treadmill Crane
55:13 Elite Battle Elephant
HEBERT27
0:29 Loom
15:35 Feudal Age
18:59 Wheelbarrow
25:28 Castle Age
23:44 Double-Bit Axe
28:22 Pikeman
37:13 Bow Saw
44:59 Imperial Age
45:44 Hand Cart
46:35 Conscription
48:42 Two-Man Saw
47:41 Horse Collar
49:50 Holcans
50:24 Halberdier
52:17 Heavy Scorpion
53:02 Onager
54:16 Heavy Plow
Connection lost

Rejoining the realm…

Still unreachable

The connection could not be restored.

Session expired

The server has moved on; the page needs a fresh start.